Map: Dusty Gorge

Players

playTex - Winner!

  • Race: Terran Terran
  • League: Master
  • Spawn Location: 5:00

Adversity - Winner!

  • Race: Terran Terran
  • Spawn Location: 3:00

Batuhito

  • Race: Terran Terran
  • League: Master
  • Spawn Location: 11:00

tNoMercy

  • Race: Protoss Protoss
  • League: Master
  • Spawn Location: 9:00

VOD

Have the link to the VOD?

Description

Time

  • Played on: Oct. 10, 2018, 5:55 p.m.
  • Length: 19:26
Show
View Real Time Build Order
Export as new Build Order

playTex Terran - Winner!

Build Orders: Cyclone Opening 

Get SALT Encoding   

  12  0:01  SCV  
  13  0:13  SCV  
  14  0:18  Supply Depot  
  14  0:25  SCV  
  15  0:29  Refinery  
  15  0:40  SCV  
  16  0:47  Barracks  
  16  0:52  SCV  
  17  0:58  Refinery  
  17  1:04  SCV  
  18  1:16  SCV  
  19  1:28  SCV  
  20  1:35  Factory  
  20  1:37  Barracks Reactor  
  20  1:43  Orbital Command  
  20  2:09  Supply Depot, SCV  
  23  2:21  SCV  
  22  2:31  Cyclone x2, Supply Depot  
  28  2:37  SCV  
  28  2:42  Supply Depot  
  29  2:49  SCV  
  30  3:02  SCV  
  30  3:03  Cyclone x2  
  37  3:08  Supply Depot  
  37  3:14  SCV  
  38  3:21  Engineering Bay  
  38  3:26  SCV  
  39  3:41  Cyclone x2  
  42  3:59  SCV  
  42  4:02  Supply Depot  
  40  4:13  Cyclone x2  
  40  4:18  SCV  
  41  4:31  SCV  
  42  4:33  Supply Depot  
  42  4:43  SCV  
  41  4:45  Cyclone x2  
  41  4:49  Missile Turret  
  36  6:26  SCV  
  34  6:38  SCV  
  34  6:50  SCV  
  32  7:02  SCV  
  25  7:15  SCV  
  19  7:27  SCV  
  20  7:39  SCV  
  21  7:51  SCV  
  22  8:03  SCV  
  23  8:15  SCV  
  24  8:27  SCV  
  25  8:39  SCV  
  23  8:51  SCV  
  18  14:17  Orbital Command  
  10  16:19  SCV  
  11  16:31  SCV  
  12  16:43  SCV  
  13  16:55  SCV  
  14  17:08  SCV  
Show
View Real Time Build Order
Export as new Build Order

Adversity Terran - Winner!

Build Orders:  

Get SALT Encoding   

  12  0:01  SCV  
  13  0:13  SCV  
  14  0:18  Supply Depot  
  14  0:25  SCV  
  15  0:31  Refinery  
  15  0:40  SCV  
  16  0:47  Barracks  
  16  0:52  SCV  
  17  1:05  Barracks  
  17  1:17  Barracks  
  17  1:23  SCV  
  18  1:34  Reaper  
  19  1:43  Orbital Command  
  19  1:49  Refinery  
  19  1:53  Reaper  
  20  1:59  Supply Depot  
  20  2:05  Reaper  
  21  2:09  Reaper  
  21  2:15  SCV  
  23  2:26  Supply Depot  
  23  2:27  SCV  
  24  2:30  Reaper  
  25  2:38  Reaper  
  25  2:39  SCV  
  27  2:46  Reaper  
  28  2:57  SCV  
  29  3:02  Reaper  
  30  3:10  Reaper  
  31  3:14  Command Center  
  31  3:19  SCV  
  32  3:20  Reaper  
  32  3:34  Reaper  
  33  3:42  Reaper  
  33  3:52  Reaper  
  33  4:02  SCV  
  34  4:07  Barracks  
  34  4:08  Barracks  
  35  4:11  Supply Depot  
  34  4:20  SCV  
  35  4:26  Orbital Command  
  35  4:32  SCV  
  35  4:35  Barracks Tech Lab x2  
  35  4:37  Factory, Marine  
  35  4:44  SCV  
  30  4:53  SCV  
  30  4:55  Marauder x2, Concussive Shells  
  34  5:09  SCV  
  35  5:16  Marauder  
  35  5:24  SCV  
  35  5:25  SCV  
  34  5:31  Marine x3  
  34  5:32  Marauder  
  39  5:39  Factory Reactor, SCV  
  39  5:40  SCV  
  39  5:41  Starport  
  41  5:46  Marauder  
  43  5:54  Marine x2, Marauder  
  43  5:55  Marine  
  46  6:05  SCV x2  
  46  6:07  Barracks, Supply Depot  
  46  6:08  Barracks, Marauder  
  46  6:09  Supply Depot  
  50  6:13  Engineering Bay  
  50  6:14  Engineering Bay  
  50  6:15  Marauder  
  50  6:18  Marine  
  53  6:29  Marine x2  
  52  6:43  Marauder  
  54  6:47  Marauder  
  53  7:05  Marauder  
  42  7:11  Barracks Tech Lab  
  42  7:12  Missile Turret, Terran Infantry Weapons Level 1, Barracks Tech Lab  
  42  7:14  SCV  
  42  7:15  Missile Turret  
  44  7:16  Medivac x2, Stimpack  
  44  7:17  Barracks Tech Lab  
  44  7:18  Barracks Tech Lab x2  
  45  7:33  Marauder  
  45  7:34  Marauder, Combat Shield  
  45  7:35  Marauder  
  45  7:36  Marauder  
  53  7:44  Supply Depot  
  53  7:47  Supply Depot  
  53  7:58  SCV  
  53  8:01  Supply Depot  
  53  8:02  Supply Depot  
  62  8:06  Marauder x4  
  62  8:09  SCV, Marauder x2  
  62  8:10  Terran Infantry Armor Level 1  
  73  8:27  Marauder x3  
  73  8:28  SCV x2  
  73  8:30  Supply Depot  
  73  8:31  Supply Depot  
  74  8:42  Marauder x3  
  74  8:43  Medivac  
  74  8:44  Medivac  
  78  8:59  Marauder x3  
  84  9:03  Marauder  
  84  9:04  Barracks  
  84  9:06  Barracks, SCV x2  
  88  9:13  Armory, Supply Depot  
  88  9:17  Supply Depot  
  88  9:20  SCV x2  
  88  9:26  Marine  
  88  9:27  Marine x4  
  89  9:33  Marauder  
  79  9:48  Marauder x3  
  79  9:49  Marauder x2  
  89  9:54  SCV x2  
  89  9:56  Supply Depot x2  
  89  10:00  Barracks Reactor x2  
  71  10:22  Marauder x4  
  71  10:23  Marauder x2  
  71  10:24  Medivac x2  
  71  10:25  Terran Infantry Weapons Level 2  
  71  10:27  Supply Depot, Terran Infantry Armor Level 2  
  71  10:28  Supply Depot  
  85  10:42  Marine x4  
  79  10:43  Marine  
  79  10:45  SCV x2  
  79  10:48  Marauder x4  
  92  10:55  Medivac x2  
  96  10:58  Marine  
  96  11:00  Marine x4  
  101  11:18  Marine  
  101  11:19  Marine x6  
  101  11:22  Command Center  
  108  11:25  Medivac x2  
  107  11:33  Marine  
  107  11:34  Marine  
  107  11:35  Marine  
  107  11:37  Marine x2  
  107  11:38  Marauder  
  101  11:49  Marine x3, Marauder  
  101  11:51  Marine, SCV x2  
  101  11:52  Marauder  
  101  11:53  Marine  
  106  11:55  Medivac x2, Marine x2  
  106  12:00  Marine  
  106  12:06  Marine  
  106  12:07  Marine, Marauder  
  104  12:09  Marine  
  104  12:10  Marine  
  104  12:11  Marine  
  104  12:13  Marine x3  
  104  12:25  Marine  
  104  12:26  Marine, Marauder  
  104  12:27  Marine  
  104  12:28  Medivac x2, Marine x2  
  104  12:29  Marauder, SCV x2  
  118  12:31  Marine  
  119  12:40  Orbital Command  
  119  12:41  SCV  
  119  12:43  Terran Infantry Weapons Level 3  
  92  12:52  Marine x5  
  92  12:53  Marauder x2  
  101  13:03  SCV x2  
  103  13:08  SCV  
  103  13:09  Refinery x2  
  104  13:15  SCV x2  
  104  13:16  Marine x4  
  104  13:17  Marauder x3  
  116  13:20  SCV  
  117  13:27  SCV x2  
  117  13:29  Marine x3  
  117  13:33  Medivac x2, Supply Depot  
  117  13:34  Marine x2  
  127  13:38  Marauder x2  
  113  13:50  Marine x3  
  113  13:51  Marauder x2  
  113  13:52  Marine x2  
  113  13:53  Marauder  
  120  13:59  Marine  
  120  14:00  Liberator x2, Marauder  
  118  14:08  Marine x2  
  118  14:09  Marauder, SCV  
  119  14:10  Marine x2, SCV x2  
  119  14:12  Marauder x2  
  125  14:22  Marine x2  
  125  14:23  Marauder, Terran Infantry Armor Level 3  
  131  14:26  Marine x2  
  131  14:28  Refinery  
  131  14:30  Refinery, Marauder  
  135  14:33  Marine x3  
  135  14:34  Starport  
  138  14:41  Fusion Core  
  138  14:57  SCV x3  
  141  15:00  Liberator x2  
  141  15:01  Marine x3  
  141  15:04  Marine  
  141  15:05  Marine x3, Marauder x2  
  148  15:15  Marine  
  148  15:17  Command Center  
  148  15:18  Starport Tech Lab  
  148  15:19  Marine x3  
  148  15:20  Terran Ship Weapons Level 1  
  148  15:22  Marine  
  148  15:23  Marauder x3  
  148  15:26  Marine  
  148  15:27  Marauder  
  153  15:33  Marine  
  153  15:37  Marine x3  
  153  15:40  Marine  
  149  15:44  Marine, Marauder x3  
  149  15:45  Medivac  
  149  15:46  Advanced Ballistics  
  149  15:48  Marine  
  155  15:51  Marine  
  155  15:54  Marine  
  155  15:55  Marine x2  
  157  16:00  Medivac x2  
  157  16:02  Marauder  
  163  16:06  Marauder  
  165  16:15  Medivac  
  165  16:17  Marine x5  
  165  16:18  Marauder x2  
  173  16:24  Marauder x2  
  176  16:27  Liberator x2, Marine  
  176  16:28  Liberator  
  178  17:07  Marine x3  
  181  17:10  Liberator x3  
  176  17:34  Command Center  
  176  17:41  Command Center  
  170  17:53  Liberator x3  
  170  18:00  Marine  
  170  18:01  Marine x3, Marauder  
  169  18:15  Marine x2  
  169  18:16  Marauder x2  
  169  18:18  Marine  
  169  18:19  Marine x3  
  168  18:23  Marauder  
  167  18:34  Marauder x2  
  166  18:36  Marine x3  
  166  18:37  Marine x2, Marauder  
  171  18:54  Marine x4  
  171  18:55  Marauder  
  168  19:07  SCV  
  168  19:08  SCV x2  
Show
View Real Time Build Order
Export as new Build Order

Batuhito Terran 

Build Orders: Cyclone Opening 

Get SALT Encoding   

  12  0:00  SCV  
  13  0:13  SCV  
  14  0:18  Supply Depot  
  14  0:27  SCV  
  15  0:30  Refinery  
  15  0:40  SCV  
  16  0:46  Barracks  
  16  0:52  SCV  
  17  0:58  Refinery  
  17  1:05  SCV  
  18  1:17  SCV  
  19  1:35  Supply Depot, Reaper  
  19  1:39  Orbital Command  
  20  1:49  Factory  
  20  2:08  SCV  
  21  2:16  Barracks Reactor  
  21  2:20  SCV  
  22  2:25  Supply Depot  
  22  2:32  SCV  
  23  2:43  Cyclone  
  26  2:45  SCV  
  26  2:47  Supply Depot  
  27  2:57  SCV  
  28  3:09  SCV  
  29  3:21  Supply Depot  
  29  3:22  Cyclone, SCV  
  29  3:23  Cyclone  
  36  3:27  Barracks Tech Lab  
  36  3:30  Factory  
  35  3:43  SCV  
  35  3:44  Supply Depot  
  36  4:01  Cyclone x2  
  34  4:26  SCV  
  34  4:29  Cyclone  
  38  4:32  Supply Depot  
  38  4:33  Cyclone  
  38  4:34  Widow Mine  
  43  4:39  Rapid Fire Launchers  
  43  4:54  SCV  
  43  4:57  Supply Depot  
  44  5:06  SCV  
  45  5:08  Command Center  
  45  5:13  Cyclone  
  48  5:23  SCV  
  49  5:36  Cyclone  
  49  5:37  Cyclone  
  49  5:40  SCV  
  56  5:46  Engineering Bay  
  56  5:53  SCV  
  57  6:05  Cyclone, SCV  
  57  6:09  Supply Depot  
  61  6:17  SCV  
  62  6:29  SCV  
  62  6:31  Cyclone  
  67  6:34  Orbital Command  
  66  6:41  SCV  
  67  6:47  Refinery x2  
  67  6:55  Cyclone  
  42  7:10  SCV x2  
  44  7:22  SCV x2, Siege Tank  
  46  7:32  Cyclone  
  46  7:34  Cyclone, SCV x2, Command Center  
  54  7:40  Supply Depot  
  54  7:44  Supply Depot  
  54  7:46  SCV  
  54  7:51  SCV  
  56  7:53  Starport  
  56  8:02  SCV  
  57  8:12  Cyclone x2  
  66  8:13  Siege Tank  
  66  8:25  SCV x2  
  68  8:30  Factory  
  68  8:31  Factory  
  68  8:38  SCV x2  
  68  8:40  Starport Reactor  
  70  8:48  Armory  
  70  8:49  Armory  
  70  8:50  SCV x2  
  69  9:01  Liberator  
  69  9:02  Hellion  
  65  9:03  Cyclone  
  65  9:08  Refinery  
  65  9:10  SCV x2  
  65  9:11  Orbital Command  
  65  9:12  Refinery  
  65  9:15  Factory Tech Lab x2  
  67  9:22  SCV  
  71  9:29  Siege Tank  
  75  9:31  SCV  
  75  9:34  SCV  
  75  9:36  Siege Tank  
  79  9:43  SCV  
  80  9:46  SCV  
  80  9:49  Siege Tank  
  80  9:50  Hellion x2  
  88  9:53  SCV  
  88  9:55  SCV  
  88  9:58  SCV  
  91  10:01  Hellion  
  91  10:02  Terran Vehicle Weapons Level 1  
  91  10:03  Terran Vehicle And Ship Armor Level 1  
  91  10:05  SCV  
  94  10:07  SCV  
  94  10:08  Supply Depot  
  94  10:09  Hellion  
  94  10:10  SCV  
  94  10:11  Supply Depot  
  94  10:12  Supply Depot  
  98  10:17  SCV  
  98  10:19  SCV  
  95  10:24  Siege Tank  
  95  10:25  Hellion x2, Siege Tank  
  95  10:27  SCV  
  106  10:30  Hellion  
  100  10:45  Liberator  
  100  10:49  Hellion x2  
  105  10:50  SCV x3  
  105  10:51  Siege Tank  
  105  10:57  Hellion, Siege Tank  
  115  10:59  Supply Depot x2  
  115  11:03  Supply Depot  
  118  11:14  Hellion x2  
  118  11:18  Siege Tank  
  125  11:24  Hellion  
  127  11:27  Starport  
  127  11:29  Siege Tank  
  122  11:45  Siege Tank  
  89  11:50  Hellion x2, SCV, Siege Tank  
  85  12:07  SCV  
  91  12:09  Refinery  
  91  12:12  SCV  
  78  12:36  Command Center  
  66  12:46  SCV  
  67  12:52  Factory x2  
  67  12:55  Barracks x2  
  67  12:56  Factory, Command Center  
  67  12:57  Barracks, SCV  
  67  12:58  Barracks  
  68  13:05  Barracks  
  68  13:12  SCV  
  69  13:24  Engineering Bay  
  69  13:32  Supply Depot  
  69  13:33  Supply Depot  
  69  13:36  Supply Depot  
  69  13:48  Armory  
  69  13:50  Barracks Tech Lab  
  69  13:51  Barracks Tech Lab x2, Barracks Reactor  
  69  13:53  Terran Infantry Armor Level 1, Terran Infantry Weapons Level 1  
  69  13:56  Planetary Fortress  
  69  13:59  Factory Tech Lab x3  
  69  14:07  Barracks Reactor  
  69  14:13  Marine x3  
  69  14:14  SCV  
  69  14:15  Barracks Reactor  
  73  14:21  Starport  
  73  14:22  Starport  
  70  14:31  Marine  
  74  14:34  Siege Tank x3  
  74  14:37  Planetary Fortress  
  74  14:48  Marine  
  74  14:49  Barracks x2  
  74  14:52  Command Center  
  72  14:55  Stimpack  
  72  14:57  Command Center  
  68  15:06  Siege Tank x2  
  73  15:08  Barracks  
  73  15:12  Siege Tank  
  73  15:13  SCV x2  
  73  15:14  SCV x2  
  77  15:20  Supply Depot x2  
  77  15:25  SCV  
  77  15:26  SCV  
  78  15:31  SCV x2  
  80  15:38  SCV x2, Siege Tank x2  
  88  15:44  Barracks Reactor, Siege Tank  
  88  15:45  Barracks Reactor  
  91  15:52  SCV x4  
  95  16:00  Refinery x2  
  95  16:04  Supply Depot x2  
  95  16:08  Planetary Fortress  
  95  16:10  Planetary Fortress  
  95  16:14  Siege Tank x2  
  95  16:17  Siege Tank  
  104  16:22  Marine x4  
  108  16:25  Barracks Tech Lab  
  108  16:28  Barracks  
  108  16:29  SCV  
  108  16:30  Refinery, Liberator  
  108  16:32  Refinery  
  109  16:40  Marine  
  109  16:41  Supply Depot  
  109  16:42  Supply Depot  
  109  16:43  Supply Depot  
  109  16:46  Marine x3  
  108  16:56  Marine  
  108  16:57  SCV  
  108  16:58  Marine  
  102  17:03  SCV  
  102  17:04  Marine x3, SCV  
  102  17:05  Siege Tank x2  
  112  17:17  Marine x2  
  112  17:22  Marine x3  
  96  17:35  Marine  
  95  17:52  Siege Tank x2  
  101  18:04  Marine  
Show
View Real Time Build Order
Export as new Build Order

tNoMercy Protoss 

Build Orders: Dark Templar Rush 

Get SALT Encoding   

  12  0:00  Probe  
  13  0:13  Probe  
  14  0:18  Pylon  
  14  0:24  Probe  
  15  0:32  Probe  
  15  0:38  Gateway  
  15  0:40  Probe  
  16  0:46  Assimilator  
  17  0:51  Probe  
  18  0:57  Assimilator  
  18  1:03  Probe  
  19  1:15  Probe  
  20  1:19  Pylon  
  20  1:26  Cybernetics Core  
  20  1:27  Probe  
  21  1:39  Probe  
  22  1:51  Probe  
  22  1:52  Stalker  
  23  2:01  Pylon  
  23  2:04  Warp Gate  
  25  2:13  Shield Battery  
  25  2:18  Stalker  
  25  2:19  Twilight Council  
  24  2:29  Shield Battery  
  27  2:42  Stalker  
  26  2:48  Gateway  
  28  2:57  Dark Shrine  
  28  3:09  Gateway  
  28  3:12  Stalker  
  30  3:20  Pylon  
  27  4:00  Probe  
  26  4:12  Dark Templar x2  
  28  4:21  Stalker  
  28  4:22  Probe  
  31  4:28  Shield Battery  
  31  4:40  Stalker  
  31  4:41  Stalker  
  35  5:04  Probe  
  36  5:10  Stalker  
  36  5:11  Stalker x2  
  38  5:36  Dark Templar  
  40  5:55  Nexus  
  40  6:05  Probe  
  41  6:15  Blink  
  41  6:31  Probe  
  36  6:38  Stalker x2  
  36  6:39  Stalker  
  42  6:42  Gateway  
  42  6:52  Probe  
  41  7:11  Probe x2  
  43  7:22  Stalker x2  
  43  7:23  Stalker, Probe  
  48  7:30  Probe  
  48  7:35  Probe  
  50  7:47  Stalker x2  
  50  7:48  Stalker x2  
  58  7:54  Probe  
  58  7:55  Probe  
  58  7:57  Assimilator  
  60  8:02  Pylon  
  60  8:20  Stalker x2  
  60  8:21  Stalker  
  60  8:22  Charge  
  66  8:34  Pylon  
  66  8:35  Pylon  
  66  8:52  Probe  
  67  9:08  Zealot x3  
  67  9:09  Zealot  
  75  9:17  Gateway  
  75  9:18  Gateway, Assimilator  
  75  9:19  Gateway  
  75  9:20  Pylon  
  75  9:23  Pylon  
  57  9:49  Zealot  
  57  9:50  Zealot x3  
  61  9:54  Probe x2  
  47  10:20  Probe x2  
  43  10:24  Zealot x4  
  51  10:32  Probe  
  51  10:33  Nexus  
  51  10:34  Pylon  
  52  10:41  Forge  
  52  10:53  Robotics Facility  
  52  10:57  Templar Archives  
  52  11:00  Protoss Ground Weapons Level 1  
  52  11:21  Photon Cannon  
  52  11:22  Psionic Storm  
  52  11:39  High Templar  
  54  11:40  High Templar x3  
  60  11:52  Zealot x2  
  60  11:53  Zealot  
  58  12:26  Zealot  
  58  12:27  Zealot x6  
  72  12:35  Probe x2  
  68  12:49  Protoss Ground Weapons Level 2  
  60  13:00  Probe x3  
  60  13:05  Zealot x5  
  69  13:06  Zealot x2  
  69  13:09  Immortal  
  81  13:20  Probe x3  
  81  13:26  Stalker x3  
  90  13:30  Zealot x2  
  78  13:48  Archon  
  60  13:52  Zealot x6  
  64  13:58  Dark Templar  
  64  14:04  Probe x3  
  65  14:13  High Templar x2  
  65  14:14  High Templar x3  
  65  14:16  Probe  
  76  14:17  Probe x2  
  76  14:21  Immortal  
  82  14:39  Zealot x2  
  82  14:42  Assimilator  
  86  14:45  Assimilator  
  86  14:49  Dark Templar  
  88  14:55  Stalker  
  88  14:56  Stalker x3  
  88  14:59  Protoss Ground Weapons Level 3  
  68  15:20  Dark Templar x3  
  68  15:21  Dark Templar x2  
  78  15:22  Zealot  
  48  15:44  Zealot x2  
  37  15:57  Zealot x3  
  37  15:58  Zealot x2  
  32  16:15  Zealot x2  
  25  16:20  Zealot x2  
  25  16:21  Pylon  
  22  16:35  Dark Templar  
  22  16:36  Dark Templar  
  26  16:46  Probe  
  27  16:58  Probe  
  26  17:05  Dark Templar  
  28  17:09  Probe  
  29  17:17  Dark Templar, Probe  
  32  17:25  Probe  
  33  17:37  Probe  
  30  17:52  Dark Templar  
  32  18:05  Nexus  
  32  18:10  Dark Templar  
  34  18:20  Probe  
  33  18:41  Pylon  
  33  18:49  Zealot x5  
  33  18:50  Zealot  
  43  19:05  Cybernetics Core  
Tags
 
Add a new tag
Caveats
  • Supply blocks, unpowered buildings, or Contaminate may cause inaccurate times.
  • Supply counts are checked every 10 seconds.